[Event "*** Titled Tuesday Blitz"]
[Site "Chess.com"]
[Date "2021.02.16"]
[Round "5"]
[White "Spalir"]
[Black "GigaQuparadze"]
[Result "1-0"]
[WhiteElo "2676"]
[BlackElo "2926"]
[TimeControl "180+1"]
[EndTime "10:58:46 PST"]
[Termination "Spalir won by resignation"]

1. e4 c5 2. Nf3 e6 3. d4 cxd4 4.
Nxd4 a6 5. c4 Nf6 6. Nc3 Bb4 7.
Qd3 Qc7 8. Be2 d6 9. O-O Nbd7 10.
a3 Bxc3 11. Qxc3 Nxe4 12. Qe3 Ndf6 13. b4 e5 14. Nb3 d5 15. cxd5 O-O 16. Bb2 Bf5 17.
Rfd1 Rad8 18. Rac1 Qe7 19. f3 Nd6 20. Qxe5 Qxe5 21.
Bxe5 Rfe8 22. Bxf6 gxf6 23. Kf2 Bd7 24. Nc5 Bb5 25.
Bxb5 axb5 26. Re1 Kg7 27. Rxe8 Rxe8 28. Re1 Ra8 29. Re7 Rxa3 30. Rd7 Nf5 31. Ne6+ Kg6 32. Nf4+ Kg5 33. Ne2 Kg6 34. Rxb7 Ra2 35. f4 Rd2 36. g4 Nd6 37. Rb8 f5 38. Rg8+ Kf6 39. g5+ Ke7 40. Ke3 Nc4+ 41. Kf3 Rxd5 42. Rb8 Rd3+ 43. Kf2 Nd6 44. Ng3 Rb3 45. Ra8 Rxb4 46. Ra7+ Ke6 47. Ke3 Rb3+ 48. Kd4 Rf3 49. Nh5 Ne4 50. Ng7+ Kd6 51.
Nxf5+ Kc6 52. Kxe4 Rf2 53. Nd4+ Kc5 54. Rc7+ Kd6 55.
Rc6+ Kd7 56. Rf6 b4 57. Rxf7+ Kd6 58. Rxh7 Kc5 59. Rc7+ Kd6 60. Rc6+ Kd7 61. Rb6 Rxh2 62. Rxb4 Kd6 63. Rb6+ Kc7 64. Ra6 Kd7 65. Kf5 Rd2 66. Ne6 1-0

[Event "*** Titled Tuesday Blitz"]
[Site "Chess.com"]
[Date "2021.02.16"]
[Round "5"]
[White "kuba2006"]
[Black "maximnovik"]
[Result "0-1"]
[WhiteElo "2381"]
[BlackElo "2545"]
[TimeControl "180+1"]
[EndTime "10:58:47 PST"]
[Termination "maximnovik won by checkmate"]

1. e4 c6 2. d4 d5 3. e5 Bf5 4. Nf3 e6 5. a3 Ne7 6. Be2 Nd7 7. O-O Ng6 8. c4 f6 9. exf6 Qxf6 10. Bg5 Qf7 11. cxd5 cxd5 12. Qb3 Bd6 13. Qxb7 O-O 14. Bb5 Nb6 15. Qxf7+ Rxf7 16. Nc3 Rb8 17.
b4 Rc7 18. Rac1 Nf4 19. Ne2 Nxe2+ 20. Bxe2 Nc4 21. Bxc4 dxc4 22. Bd2 a5 23. bxa5 Bxa3 24. Ra1 Bb2 25. Ra2 c3 26. Bc1 Bb1 27. Ra4 Bc2 28. Ra2 Bb3 29. Rxb2 cxb2 30. Bxb2 Bc4 31. Rb1 Bd3 32.
Rd1 Rxb2 33. Ne5 Rb1 34. Rxb1 Bxb1 35. f3 Ra7 36. Nc6 Ra6 37. Nd8 Rxa5 38. Nxe6 Ba2 39. Nc5 Ra3 40. Kf2 Bd5 41. Nd7 Kf7 42. Ne5+ Ke6 43.
Kg3 g5 44. Kg4 h6 45. Kh5 Ra2 46. Kxh6 Rxg2 47. Kh5 Kf5 48. h4 Rh2 49. Ng6 Bf7 50.
Kh6 Bxg6 51. d5 Rxh4+ 52. Kg7 Rh7+ 53. Kf8 Kf6 54. d6 Rh8# 0-1

[Event "*** Titled Tuesday Blitz"]
[Site "Chess.com"]
[Date "2021.02.16"]
[Round "5"]
[White "monalize"]
[Black "eldur16"]
[Result "1-0"]
[WhiteElo "2374"]
[BlackElo "2504"]
[TimeControl "180+1"]
[EndTime "10:58:47 PST"]
[Termination "monalize won on time"]

1. e4 Nf6 2. e5 Nd5 3. d4 d6 4. Nf3 Bg4 5. h3 Bh5 6. e6 fxe6 7. g4 Bf7 8. Ng5 Nc6 9. c4 Nb6 10. Nc3 Bg8 11. d5 exd5 12. cxd5 Ne5 13. f4 Ng6 14.
Bb5+ c6 15. dxc6 bxc6 16. Bxc6+ Nd7 17. Bxa8 Qxa8 18. Qf3 Qxf3 19. Nxf3 Nc5 20. f5 Nf4 21. Bxf4 Nd3+ 22. Kd2 Nxf4 23. Rae1 Kd7 24. Re4 Nd5 25.
Ra4 g6 26. Rxa7+ Kc6 27. Ra8 Bf7 28. Kc2 Nc7 29. Rd8 gxf5 30. Nd4+ Kb7 31. Nxf5 Ne6 32.
Rd7+ Kc6 33. Ra7 Kb6 34. Ra3 Bg6 35. Re1 Nc5 36. Kd1 e6 37. Nd4 Bf7 38. b4 Nd3 39. Rf1 Bg6 40. Nxe6 Nb2+ 41. Ke2 Bd3+ 42. Ke1 Bxf1 43.
Kxf1 Be7 44. Kg2 Kb7 45. Nd5 Bh4 46. Rc3 Re8 47. Ndf4 Bf6 48. Rc7+ Kb6 49. Rxh7 Be5 50. Nd5+ Kc6 51. Nef4 Kb5 52. h4 1-0

[Event "*** Titled Tuesday Blitz"]
[Site "Chess.com"]
[Date "2021.02.16"]
[Round "5"]
[White "paulrusan"]
[Black "ikhasu"]
[Result "1-0"]
[WhiteElo "2263"]
[BlackElo "2397"]
[TimeControl "180+1"]
[EndTime "10:58:47 PST"]
[Termination "paulrusan won on time"]

1. e4 e5 2. Nf3 Nf6 3. Nc3 Nc6 4. g3 d5 5. exd5 Nxd5 6. Bg2 Nxc3 7. bxc3 Be7 8. O-O O-O 9. Re1 Bd6 10. d4 exd4 11.
cxd4 Bg4 12. c3 Re8 13. Rxe8+ Qxe8 14. Rb1 Na5 15. h3 Bf5 16. Rb2 Qc8 17. g4 Be4 18.
Re2 Bd5 19. Ne5 Bxg2 20. Kxg2 Bxe5 21. Rxe5 Nc4 22. Re7 Qd8 23. Qe2 Qd5+ 24. Qe4 Qxe4+ 25. Rxe4 Nb6 26. Re7 Rc8 27. Bd2 Kf8 28. Re1 Nc4 29. Bc1 Rd8 30. f4 Rd5 31. Kf3 h5 32. f5 hxg4+ 33. hxg4 f6 34. Bf4 c6 35. Rh1 Kg8 36. Re1 Kf7 37. Rh1 Ra5 38. Rh8 Rxa2 39. Rc8 Rb2 40. Rc7+ Kf8 41. g5 fxg5 42. Bxg5 a5 43.
Kg4 Rg2+ 44. Kh5 Rh2+ 45. Kg6 Re2 46. Rf7+ Kg8 47. Rxg7+ Kf8 48. Rf7+ Ke8 49. Rxb7 Nd6 50. Rc7 Rg2 51. f6 Ne4 52. f7+ 1-0

[Event "*** Titled Tuesday Blitz"]
[Site "Chess.com"]
[Date "2021.02.16"]
[Round "5"]
[White "Vasily85"]
[Black "Ekose"]
[Result "1-0"]
[WhiteElo "2446"]
[BlackElo "2618"]
[TimeControl "180+1"]
[EndTime "10:58:48 PST"]
[Termination "Vasily85 won on time"]

1. d4 Nf6 2. Bg5 d5 3. Bxf6 exf6 4. e3 c6 5. g3 Bd6 6. Bg2 f5 7. Ne2 Nd7 8. Nd2 Nf6 9. c4 dxc4 10. Nxc4 Bc7 11.
O-O O-O 12. b4 Be6 13. Qd3 Ne4 14. Rfd1 Re8 15. Nc3 Nxc3 16. Qxc3 Bd5 17. Bxd5 Qxd5 18. a4 h5 19. Nd2 h4 20. Qc4 hxg3 21. hxg3 Qd7 22. Kg2 Rad8 23. b5 Re6 24. Nf3 Rg6 25. bxc6 Rxc6 26. Qb5 Rc2 27. Qxd7 Rxd7 28. Rdc1 Rxc1 29.
Rxc1 g6 30. Rc5 Kf8 31. Nd2 Bb6 32. Rc8+ Rd8 33. Rc2 Ke7 34. Kf3 Rd7 35. Ke2 Rc7 36. Kd3 Rxc2 37. Kxc2 Ke6 38. Nc4 Bc7 39. Kd3 g5 40.
Nd2 g4 41. Nc4 Kd5 42. Kc3 a6 43. Kd3 b5 44. axb5 axb5 45. Na3 b4 46. Nc4 b3 47.
Kc3 Ke4 48. Nd2+ Kd5 49. Kxb3 Ba5 50. Kc2 Bb4 51. Kd3 Ba5 52. Nb3 Bb4 53. Nc1 1-0

[Event "*** Titled Tuesday Blitz"]
[Site "Chess.com"]
[Date "2021.02.16"]
[Round "5"]
[White "MaevskiyNikolay"]
[Black "Hangar-18"]
[Result "1-0"]
[WhiteElo "2536"]
[BlackElo "2375"]
[TimeControl "180+1"]
[EndTime "10:58:48 PST"]
[Termination "MaevskiyNikolay won by resignation"]

1. d4 Nf6 2. c4 e6 3. g3 d5 4. Nf3 Be7 5. Bg2 O-O 6. O-O dxc4 7.
Qc2 a6 8. Qxc4 b5 9. Qc2 Bb7 10. Bd2 Nc6 11. e3 Nb4 12. Bxb4 Bxb4 13. Rc1 Rc8 14.
a3 Bd6 15. b4 Nd7 16. Ng5 Qxg5 17. Bxb7 Rb8 18. Bc6 Nb6 19. Nd2 h5 20. h4 Qg4 21.
Bf3 Qh3 22. Ne4 Qf5 23. Qe2 g6 24. Nc5 Bxc5 25. Rxc5 Qf6 26. Rxc7 Nc4 27. Rc6 Rb6 28. Rxb6 Nxb6 29. Rc1 Nc4 30. a4 Rb8 31. a5 Qe7 32.
Qe1 Qd6 33. Be2 Rc8 34. Bxc4 Rxc4 35. Rxc4 bxc4 36. Qc3 Qc6 37. Kf1 Qb5 38. Ke2 Kf8 39. e4 Ke7 40. Ke3 Kd6 41. f3 Kc7 42. Kf4 Kd7 43. g4 Ke7 44. gxh5 gxh5 45. Ke3 Qc6 46. f4 Qc7 47. d5 exd5 48. exd5 Kf8 49. Qh8+ Ke7 50.
Qe5+ Kd7 51. Qxc7+ Kxc7 52. Kd4 c3 53. Kxc3 Kd6 54.
Kd4 f5 55. Kc4 Kc7 56. Kc5 Kd7 57. d6 Kd8 58. Kd5 Kd7 59. Ke5 Kd8 60. Kxf5 Kd7 61.
Ke5 Kd8 62. f5 Ke8 63. Ke6 Kd8 64. d7 1-0

[Event "*** Titled Tuesday Blitz"]
[Site "Chess.com"]
[Date "2021.02.16"]
[Round "5"]
[White "AsaHoffmann"]
[Black "verdest"]
[Result "1-0"]
[WhiteElo "2363"]
[BlackElo "2495"]
[TimeControl "180+1"]
[EndTime "10:58:48 PST"]
[Termination "AsaHoffmann won by resignation"]

1. d4 Nf6 2. Bg5 Ne4 3. Bf4 d5 4. f3 Nd6 5. Nc3 c6 6. e4 dxe4 7. fxe4 g6 8. Nf3 Bg7 9. Qd2 O-O 10. O-O-O Bg4 11. Bh6 Nd7 12. Be2 Qa5 13. Kb1 Rfe8 14. Bxg7 Kxg7 15. e5 Nf5 16. h3 Bxf3 17. Bxf3 Nb6 18.
b3 Rad8 19. Ne2 Qa3 20. c3 c5 21. g4 Nh4 22. Bxb7 cxd4 23. cxd4 Rb8 24. Bc6 Rec8 25. d5 Nc4 26. Qc3 Na5 27. Nc1 Kg8 28. Rh2 Rb6 29. Qb2 Qxb2+ 30. Rxb2 Nxc6 31. dxc6 Rbxc6 32. Rbd2 Kg7 33. Rd7 R8c7 34. Rxc7 Rxc7 35. Rd3 Ng2 36. Ne2 Ne1 37. Rd5 Nf3 38. Kb2 h5 39. Nc3 h4 40. Nb5 Rb7 41. a4 Ng5 42. Rd3 a6 43. Nc3 f5 44. gxf5 gxf5 45. Nd5 Rd7 46. Nf4 Rxd3 47. Nxd3 Nxh3 48. b4 Ng5 49. b5 axb5 50. a5 h3 51. a6 h2 52. Nf2 Ne4 53. Nh1 Nd2 54. Kc3 Nc4 55. Kb4 Nb6 56. Kxb5 Nc8 57.
Kc6 Na7+ 58. Kb6 Nc8+ 59. Kb7 1-0

[Event "*** Titled Tuesday Blitz"]
[Site "Chess.com"]
[Date "2021.02.16"]
[Round "5"]
[White "kikydu96"]
[Black "IceBelka"]
[Result "1-0"]
[WhiteElo "2615"]
[BlackElo "2403"]
[TimeControl "180+1"]
[EndTime "10:58:49 PST"]
[Termination "kikydu96 won by resignation"]

1. e4 c5 2. Nf3 e6 3. d4 cxd4 4. Nxd4 a6 5. Bd3 Qc7 6. Nc3 Nf6 7. O-O Be7 8. f4 d6 9. Be3 b5 10. a3 Bb7 11. Qe1 Nbd7 12. Rd1 Nc5 13. Bc1 O-O 14.
Kh1 Rac8 15. f5 Nxd3 16. Rxd3 e5 17. Nde2 Nxe4 18. Rh3 Bf6 19. Nxe4 Bxe4 20. c3 Qc6 21. Qg3 d5 22. Qg4 d4 23. cxd4 exd4 24. Bh6 Bxg2+ 25. Qxg2 Qxg2+ 26. Kxg2 Rc2 27. Kf3 gxh6 28. Rxh6 Re8 29.
Rg1+ Kf8 30. Rxf6 Rexe2 31. Rxa6 Re3+ 32. Kf4 Rf2+ 33. Kg5 Ke7 34. Rc1 f6+ 35. Kg4 Re4+ 36. Kg3 Rxf5 37. Rc7+ Kd8 38. Rxh7 Re3+ 39. Kg4 Rg5+ 40.
Kf4 Re7 41. Ra8+ Kd7 42. Ra7+ Kd6 43. Rhxe7 d3 44. Rad7+ Kc5 45. Rxd3 Rh5 46. Rc7+ Kb6 47. Rc2 Rh4+ 48. Kf5 Rh5+ 49. Kxf6 Rh6+ 50. Kg5 Re6 51. h4 Ka5 52. h5 Ka4 53. h6 1-0

[Event "*** Titled Tuesday Blitz"]
[Site "Chess.com"]
[Date "2021.02.16"]
[Round "5"]
[White "shaheus"]
[Black "Titus369"]
[Result "1-0"]
[WhiteElo "2417"]
[BlackElo "2556"]
[TimeControl "180+1"]
[EndTime "10:58:49 PST"]
[Termination "shaheus won by checkmate"]

1. e4 c5 2. Nf3 d6 3. c3 Nf6 4. Qb3 Nc6 5. d4 cxd4 6. cxd4 Nxe4 7. d5 Nc5 8. Qa3 Nb8 9. Be3 e5 10. dxe6 Bxe6 11. Nc3 Be7 12. Bb5+ Nbd7 13. O-O O-O 14. Nd4 d5 15. b4 a6 16. Be2 Ne4 17. Nxe4 dxe4 18.
Nxe6 fxe6 19. Qb3 Rf6 20. Rfd1 Qe8 21. Rac1 Rc8 22. Rxc8 Qxc8 23. Bg5 Rf7 24. Be3 Nf8 25. Rc1 Qd7 26. a4 Bf6 27. b5 axb5 28. Bxb5 Qd6 29. Rc8 Rc7 30. Rxc7 Qxc7 31. g3 Qd6 32. Qc4 Qd5 33. Qc8 h5 34. Bc5 Qd1+ 35. Bf1 Kh7 36. Qxf8 Qc1 37. Qd6 Bg5 38. h4 e3 39.
Bxe3 Bxe3 40. fxe3 Qxe3+ 41. Kh2 Qf2+ 42. Bg2 Qf6 43.
Qf4 Kg6 44. Be4+ Kf7 45. Qxf6+ gxf6 46. Bxb7 Ke7 47. a5 Kd6 48. a6 Kc7 49. Bf3 f5 50. Bxh5 e5 51. Bg6 e4 52. Bxf5 e3 53. Bd3 Kb6 54. Be2 Ka7 55. h5 Kb6 56. h6 Ka7 57. h7 Kb6 58. h8=Q Ka7 59. Qd4+ Kb8 60. Qxe3 Ka8 61. Qe7 Kb8 62. Qb7# 1-0

[Event "*** Titled Tuesday Blitz"]
[Site "Chess.com"]
[Date "2021.02.16"]
[Round "5"]
[White "BvsN"]
[Black "AntonovaNadezhda"]
[Result "1-0"]
[WhiteElo "2368"]
[BlackElo "2152"]
[TimeControl "180+1"]
[EndTime "10:58:50 PST"]
[Termination "BvsN won on time"]

1. c4 Nf6 2. Nc3 g6 3. e4 d6 4.
d4 Bg7 5. Nge2 O-O 6. f3 c5 7. d5 e6 8. Ng3 exd5 9. cxd5 a6 10. a4 Nbd7 11. Be2 h5 12. Bg5 Qc7 13. Qd2 Nh7 14. Bh6 Re8 15. Bxg7 Kxg7 16. O-O Ne5 17. h3 h4 18. Nh1 Qe7 19. f4 Nd7 20. Nf2 Ndf6 21. Bc4 Nh5 22. Nh1 g5 23. e5 Nxf4 24. exd6 Qxd6 25.
Nf2 Bf5 26. Rae1 Nf6 27. Nd3 Bxd3 28. Bxd3 N6xd5 29. Nxd5 Qxd5 30. Rxe8 Rxe8 31. Rf3 Rd8 32. Qc3+ Qd4+ 33. Qxd4+ Rxd4 34. Bf1 Rxa4 35. Rc3 b6 36. Kf2 Rb4 37. b3 a5 38. g3 hxg3+ 39. Kxg3 a4 40.
bxa4 Rxa4 41. Bc4 Rb4 42. Kg4 f6 43. Kf5 Rb1 44. Ba6 Rg1 45. Re3 Rb1 46. Re7+ Kf8 47. Rc7 Nd5 48. Rd7 Ne7+ 49. Kxf6 Rf1+ 50. Kxg5 Rg1+ 51.
Kf6 Rf1+ 52. Kg5 Rg1+ 53. Kf6 Rf1+ 54. Bxf1 1-0

[Event "*** Titled Tuesday Blitz"]
[Site "Chess.com"]
[Date "2021.02.16"]
[Round "5"]
[White "Euge_chess"]
[Black "Kale36"]
[Result "0-1"]
[WhiteElo "2100"]
[BlackElo "2223"]
[TimeControl "180+1"]
[EndTime "10:58:50 PST"]
[Termination "Kale36 won on time"]

1. e4 c6 2. d4 d5 3. exd5 cxd5 4. Nf3 Nf6 5. c4 Nc6 6. Nc3 Be6 7. c5 g6 8. Bb5 Bg7 9. O-O O-O 10. Bg5 Bg4 11. Bxc6 bxc6 12. h3 Bf5 13. Ne5 Rc8 14. Qa4 Qc7 15. Bf4 Qb7 16. b4 Nd7 17. Rfe1 Nxe5 18.
Bxe5 Bxe5 19. Rxe5 Bd3 20. Rae1 e6 21. R5e3 Bc4 22.
Rb1 Rb8 23. a3 Qe7 24. Qd1 a5 25. bxa5 Qa7 26. Rb6 Qxa5 27. Rxc6 Rb3 28. Ne2 Rxe3 29. fxe3 Qxa3 30. Qd2 Rb8 31. Rb6 Rxb6 32. cxb6 Qb3 33.
Kf2 Qxb6 34. Qc3 Qb1 35. Nf4 Qf1+ 36. Kg3 Kg7 37. Qb4 Qc1 38. Kf3 Bf1 39. Qd6 Qd1+ 40. Kg3 Qe1+ 41. Kh2 Bc4 42. Qe5+ Kf8 43. Qd6+ Kg8 44.
Qe5 Qf1 45. Qb8+ Kg7 46. Qe5+ Kf8 47. Qd6+ Kg7 48. Qe5+ Kh6 49. h4 Qf2 0-1

[Event "*** Titled Tuesday Blitz"]
[Site "Chess.com"]
[Date "2021.02.16"]
[Round "5"]
[White "RD4ever"]
[Black "mbojan"]
[Result "1-0"]
[WhiteElo "2866"]
[BlackElo "2629"]
[TimeControl "180+1"]
[EndTime "10:58:53 PST"]
[Termination "RD4ever won by checkmate"]

1. d4 d5 2. c4 c6 3. Nf3 Nf6 4. Nc3 g6 5. Bg5 Bg7 6. e3 O-O 7. h3 h6 8. Bf4 Nbd7 9. cxd5 Nxd5 10. Nxd5 cxd5 11. Be2 Nf6 12. O-O Qb6 13. Qb3 Bf5 14.
Rfc1 Rfc8 15. g4 Bd7 16. Ne5 Be8 17. Qxb6 axb6 18. a3 g5 19. Bg3 Ne4 20. Bh2 Nd6 21. f3 b5 22. Kf2 Nc4 23. b3 Nxe5 24. Bxe5 Bxe5 25. dxe5 Rxc1 26. Rxc1 Bc6 27. Ra1 Rd8 28. b4 d4 29. Rd1 dxe3+ 30. Kxe3 Rxd1 31. Bxd1 f6 32. Kd4 Kg7 33. e6 f5 34. Ke5 f4 35.
Be2 Kf8 36. Kf5 Kg7 37. Bd1 Kh7 38. Ke5 Kg7 39. Be2 Kf8 40. Kd4 Kg7 41. Kc5 Kf6 42.
Bxb5 Bxf3 43. Bc4 Bg2 44. a4 Ke5 45. a5 Bxh3 46. b5 f3 47. b6 f2 48. a6 bxa6 49. b7 f1=Q 50. b8=Q+ Kf6 51. Bxf1 Bxf1 52. Qf8+ Kxe6 53.
Qxf1 a5 54. Qf5# 1-0

[Event "*** Titled Tuesday Blitz"]
[Site "Chess.com"]
[Date "2021.02.16"]
[Round "5"]
[White "hansen"]
[Black "KuzubovYuriy"]
[Result "1/2-1/2"]
[WhiteElo "2931"]
[BlackElo "2840"]
[TimeControl "180+1"]
[EndTime "10:58:54 PST"]
[Termination "Game drawn by agreement"]

1. e4 c5 2. Nf3 Nc6 3. Bb5 Nf6 4. Bxc6 dxc6 5. d3 Bg4 6. Nbd2 Qc7 7. h3 Bh5 8. Nc4 Nd7 9. g4 Bg6 10. Nh4 e5 11. f4 b5 12. Nxe5 Nxe5 13. fxe5 Qxe5 14. Qf3 c4 15. O-O Bc5+ 16. Kg2 O-O 17. Qf4 Qxf4 18. Bxf4 Rad8 19. Nxg6 hxg6 20. Rad1 Rfe8 21. Kf3 cxd3 22. Rxd3 Rd4 23. Rxd4 Bxd4 24. c3 Bb6 25. Rd1 Rd8 26. Rxd8+ Bxd8 27. e5 Kf8 28. Ke4 Ke8 29. Bg3 Bb6 30. h4 Kd7 31. h5 gxh5 32. gxh5 Ke6 33. b3 Bc5 34. c4 bxc4 35. bxc4 a6 36. Bf4 Bf8 37. Bg3 g6 38. hxg6 fxg6 39. Bf4 Be7 40.
Bg3 g5 41. Bh2 Bc5 42. Bg3 Bb6 43. Be1 Bc7 44. Bd2 g4 45. Bf4 Bb8 46. Bg3 Bc7 47. Bh2 Bb6 48. Bg3 Ba5 49. Kf4 Bc3 50. Kxg4 Bxe5 51.
Bf2 Bh2 52. Kf3 Ke5 53. Ke3 Bf4+ 54. Kd3 Ke6 55. Kc3 Bd6 56. Kb3 Kd7 57. Ka4 Kc8 58. Ka5 Kb7 59. Ka4 Be7 1/2-1/2

[Event "*** Titled Tuesday Blitz"]
[Site "Chess.com"]
[Date "2021.02.16"]
[Round "5"]
[White "Maghalashvili"]
[Black "TregubovP"]
[Result "0-1"]
[WhiteElo "2700"]
[BlackElo "2550"]
[TimeControl "180+1"]
[EndTime "10:58:54 PST"]
[Termination "TregubovP won on time"]

1. Nf3 c5 2. c4 Nf6 3. g3 d5 4. cxd5 Nxd5 5. Bg2 Nc6 6. d4 cxd4 7. Nxd4 Ndb4 8. Nxc6 Qxd1+ 9. Kxd1 Nxc6 10. Bxc6+ bxc6 11. Nc3 e5 12. Be3 Bf5 13. Rc1 Bb4 14. a3 Ba5 15. f3 Ke7 16. Ke1 Rhb8 17. b4 Bb6 18. Kf2 Bxe3+ 19.
Kxe3 a5 20. bxa5 Rxa5 21. a4 Rb3 22. Kf2 Rc5 23. Ne4 Rxc1 24. Rxc1 Bxe4 25. fxe4 Ra3 26. Rxc6 Rxa4 27. Kf3 Ra3+ 28. e3 h5 29. h4 f6 30.
Rc7+ Kf8 31. Rc8+ Kf7 32. Rc7+ Kg6 33. Rc6 Ra1 34. Rb6 Rd1 35. Ra6 Rd7 36. Rb6 Kf7 37.
Ra6 Re7 38. Rb6 Re6 39. Rb7+ Kg6 40. Rb8 Ra6 41. Rb7 Kh6 42. Rb8 g5 43. hxg5+ fxg5 44. g4 Rf6+ 45. Kg3 h4+ 46. Kg2 Ra6 47. Re8 Ra2+ 48.
Kh3 Re2 49. Re6+ Kg7 50. Rxe5 Rxe3+ 51. Kh2 Kf6 52. Rf5+ Kg6 53. e5 Rg3 54. Rf6+ Kg7 55. Ra6 Rxg4 56. Ra3 Re4 57. Kh3 Kg6 58. e6 Rxe6 59.
Ra4 Kh5 60. Rc4 Re2 0-1

[Event "*** Titled Tuesday Blitz"]
[Site "Chess.com"]
[Date "2021.02.16"]
[Round "5"]
[White "Dii210"]
[Black "IngOscarArdila"]
[Result "1/2-1/2"]
[WhiteElo "2356"]
[BlackElo "2156"]
[TimeControl "180+1"]
[EndTime "10:58:54 PST"]
[Termination "Game drawn by repetition"]

1. e4 e5 2. Nf3 Nc6 3. d4 exd4 4. c3 d3 5. Bxd3 Be7 6. O-O d6 7. Nbd2 Nf6 8. Nc4 O-O 9. Bg5 Ng4 10. Bxe7 Qxe7 11. h3 Nge5 12. Nfxe5 Nxe5 13. Ne3 Nxd3 14. Qxd3 Re8 15. Nd5 Qd8 16. c4 c6 17. Nc3 Be6 18.
Rad1 Qb6 19. b3 Rad8 20. Kh2 f6 21. Qg3 Qc5 22. Rd2 Qe5 23. Rfd1 Qxg3+ 24. Kxg3 d5 25. exd5 cxd5 26. cxd5 Bd7 27. d6 Rc8 28. Nd5 Kf7 29.
f3 Rc5 30. Kf2 Re5 31. Ne3 g5 32. Nc4 Re6 33. Re1 Rxe1 34. Kxe1 b5 35. Na5 Ke6 36. Re2+ Re5 37. Rxe5+ Kxe5 38. Nb7 Ke6 39. Kd2 Bc6 40. Nd8+ Kxd6 41. Nxc6 Kxc6 42. Ke3 Kd5 43. Kd3 Ke5 44. g3 f5 45. Kc3 f4 46. g4 a5 47. a4 bxa4 48.
bxa4 Kd5 49. Kd3 Kc5 50. Kc3 Kd5 51. Kd3 h6 52. Kc3 Kc5 53. Kd3 Kd5 54. Kc3 Kc5 55.
Kd3 Kd5 1/2-1/2

[Event "*** Titled Tuesday Blitz"]
[Site "Chess.com"]
[Date "2021.02.16"]
[Round "5"]
[White "CSB7"]
[Black "PavelChernomordik"]
[Result "1-0"]
[WhiteElo "2538"]
[BlackElo "2379"]
[TimeControl "180+1"]
[EndTime "10:58:56 PST"]
[Termination "CSB7 won by resignation"]

1. Nf3 g6 2. d4 Bg7 3. c4 d6 4.
Nc3 Nc6 5. e3 e5 6. Be2 Nh6 7.
O-O exd4 8. exd4 O-O 9. Bg5 f6 10. Bc1 Nf7 11. b3 f5 12. Bb2 g5 13. Nd5 g4 14. Ne1 Ng5 15. b4 Ne6 16. Nc2 h5 17.
Re1 f4 18. b5 Nb8 19. Bd3 c6 20. bxc6 bxc6 21. Nc3 Qf6 22. Ne4 Qd8 23. Rb1 d5 24. cxd5 cxd5 25. Nc5 Nxc5 26. dxc5 Nc6 27. Bxg7 Kxg7 28.
Bb5 Bb7 29. Bxc6 Bxc6 30. Nd4 Bd7 31. c6 Bc8 32. Rb5 Re8 33. g3 Re4 34. Rxe4 dxe4 35. Rb7+ Kg6 36. Rb4 Qd6 37. Qb1 Qd5 38. Ne2 Kf5 39.
Nxf4 Qxc6 40. Rb5+ Kf6 41. Nxh5+ Ke7 42. Re5+ Be6 43. Nf4 Re8 44. Rxe6+ Qxe6 45. Nxe6 Kxe6 46. Qxe4+ Kd7 47. Qxe8+ Kxe8 48. f3 gxf3 49. Kf2 Kd7 50. Kxf3 Kc6 51. g4 Kb5 52. g5 Ka4 53. g6 Ka3 54. g7 Kxa2 55. g8=Q+ Ka3 56. h4 a5 57. Qa8 a4 58. Qxa4+ Kxa4 59. h5 1-0

[Event "*** Titled Tuesday Blitz"]
[Site "Chess.com"]
[Date "2021.02.16"]
[Round "5"]
[White "HackingKid98"]
[Black "digilik"]
[Result "1-0"]
[WhiteElo "2472"]
[BlackElo "2243"]
[TimeControl "180+1"]
[EndTime "10:58:56 PST"]
[Termination "HackingKid98 won by resignation"]

1. c4 Nf6 2. g3 g6 3. Bg2 Bg7 4. d4 O-O 5. Nf3 d6 6. O-O c6 7.
Nc3 Qa5 8. e4 Qh5 9. e5 dxe5 10.
Nxe5 Qxd1 11. Rxd1 Nbd7 12. Nf3 Nb6 13. b3 Bg4 14.
Bb2 e5 15. h3 exd4 16. Rxd4 Be6 17. Ng5 Nfd5 18. cxd5 Bxd4 19. dxe6 fxe6 20. Nf3 Bg7 21. Nd1 Rad8 22. Bxg7 Kxg7 23. Ne3 e5 24. Nxe5 Rd2 25. Nf3 Rb2 26. Nd1 Re2 27. Nc3 Re7 28. Nd4 Nd7 29.
h4 h6 30. Nde2 Nc5 31. Nf4 Ne6 32. Nxe6+ Rxe6 33. Ne4 Rd8 34. Rc1 b6 35. b4 Rd4 36.
a3 Rd3 37. Rc3 Rd1+ 38. Kh2 Rd4 39. Re3 Re7 40. Bf3 Rd5 41. Kg2 Rde5 42. Re2 c5 43. bxc5 bxc5 44. Nc3 Rxe2 45. Bxe2 Rd7 46. Kf3 Rd4 47.
Ke3 Kf7 48. Ne4 Ra4 49. Nxc5 Rxa3+ 50. Kd4 Kf6 51. g4 g5 52. h5 Ra2 53. Ne4+ Kg7 54. Bc4 Re2 55. Bxe2 1-0

[Event "*** Titled Tuesday Blitz"]
[Site "Chess.com"]
[Date "2021.02.16"]
[Round "5"]
[White "Szparu"]
[Black "Jospem"]
[Result "0-1"]
[WhiteElo "2664"]
[BlackElo "3010"]
[TimeControl "180+1"]
[EndTime "10:58:57 PST"]
[Termination "Jospem won by checkmate"]

1. d4 Nf6 2. Bg5 Ne4 3. h4 d5 4.
Nd2 Nxd2 5. Qxd2 Bf5 6. O-O-O Nc6 7. e3 Qd7 8. Bd3 O-O-O 9. Bf4 f6 10. Nf3 Bxd3 11.
cxd3 e6 12. Kb1 Bd6 13. Bxd6 Qxd6 14. Rc1 e5 15. dxe5 fxe5 16. Ka1 Rhf8 17. d4 e4 18. Ng5 h6 19. Nh3 Rf5 20. g4 Rf3 21. g5 Rdf8 22.
Nf4 h5 23. Rc5 Ne7 24. Rhc1 c6 25. b4 R8xf4 26. exf4 Qxf4 27. Qxf4 Rxf4 28. b5 Rxf2 29. bxc6 bxc6 30. Ra5 Kd8 31. Rxa7 e3 32. Ra3 e2 33. Re3 Nf5 34. Re5 Nxd4 35. Kb1 Nf3 36. Re3 d4 37.
Re6 Kd7 38. Rexc6 e1=Q 39. Rc7+ Kd6 40. Rc6+ Kd5 41. Rc5+ Ke4 42. Rxe1+ Nxe1 43. Rc7 Nf3 44. Rxg7 Nxh4 45. Re7+ Kd3 46. Rh7 Kc3 47. Rc7+ Kd2 48. Rh7 d3 49. Rxh5 Ng6 50. Rh6 Ke1 51. Rxg6 d2 52.
Re6+ Re2 53. Rd6 d1=Q+ 54. Rxd1+ Kxd1 55. g6 Rg2 56. a4 Kd2 57. Kb2 Kd3+ 58. Kb3 Kd4 59. Kb4 Kd5 60. Kb5 Kd6 61. Kb6 Kd7 62.
Kb7 Rb2+ 63. Ka7 Kc7 64. a5 Rg2 65. a6 Rxg6 66. Ka8 Rxa6# 0-1

[Event "*** Titled Tuesday Blitz"]
[Site "Chess.com"]
[Date "2021.02.16"]
[Round "5"]
[White "MF1966Idrisov"]
[Black "Ermito2020"]
[Result "0-1"]
[WhiteElo "2368"]
[BlackElo "2585"]
[TimeControl "180+1"]
[EndTime "10:58:57 PST"]
[Termination "Ermito2020 won by resignation"]

1. Nf3 Nf6 2. b3 g6 3. Bb2 Bg7 4. c4 O-O 5. g3 d6 6. d4 e5 7. dxe5 dxe5 8. Qxd8 Rxd8 9. Bxe5 Nc6 10. Bc3 Nb4 11. Na3 Ne4 12. Bxg7 Kxg7 13. Ne5 Re8 14. f4 f6 15. Nf3 Bg4 16. Bg2 Nc3 17. O-O Rxe2 18.
Nd4 Rd2 19. Ndb5 Nxb5 20. Nxb5 c6 21. Nc3 Re8 22. Rae1 Rxe1 23. Rxe1 Rc2 24. Ne4 Rxa2 25. Nf2 Bf5 26. Re7+ Kf8 27. Rxb7 Ra1+ 28. Bf1 Nc2 29. Rb8+ Ke7 30. Rb7+ Kd8 31. Rb8+ Bc8 32. Ne4 Kc7 33. Rxc8+ Kxc8 34. Kf2 Nd4 35. Nxf6 Nxb3 36. Nxh7 a5 37. Bd3 a4 38. Bxg6 a3 39. c5 Nxc5 40. Bf7 a2 41.
Bxa2 Rxa2+ 42. Kf3 Rxh2 43. Nf6 Nd7 44. Ne4 c5 45. g4 c4 46. g5 c3 47. Nxc3 Rh3+ 48. Kg4 Rxc3 49. g6 Nf6+ 50. Kf5 Rc6 51. g7 Kd7 52. Kg6 Ke7 53. f5 Ne8+ 54. Kh7 Nxg7 55. Kxg7 Rf6 0-1

[Event "*** Titled Tuesday Blitz"]
[Site "Chess.com"]
[Date "2021.02.16"]
[Round "5"]
[White "noamapplesauce"]
[Black "Sokoloco"]
[Result "1-0"]
[WhiteElo "2151"]
[BlackElo "2450"]
[TimeControl "180+1"]
[EndTime "10:58:59 PST"]
[Termination "noamapplesauce won by checkmate"]

1. e4 g6 2. d4 Bg7 3. c3 d6 4. Nf3 a6 5. Bd3 b5 6. O-O Bb7 7. Re1 e5 8. a4 c6 9. axb5 cxb5 10.
d5 Ne7 11. Nbd2 O-O 12. Nf1 h6 13. Ng3 f5 14. exf5 gxf5 15. Nh4 e4 16. Bc2 Nd7 17. Qh5 Nf6 18. Qd1 Nfxd5 19. Bb3 Kh7 20. Nhxf5 Nxc3 21. bxc3 Nxf5 22. Nxf5 Rxf5 23. Qg4 Qf8 24. Be3 Bxc3 25. Rac1 Bxe1 26. Rxe1 a5 27. Be6 Rf6 28. Rc1 Qe7 29.
Bf5+ Kh8 30. Bd4 Rg8 31. Qh4 Rxg2+ 32. Kxg2 Qg7+ 33. Kf1 Kg8 34. Bxf6 Qf7 35. Rc7 Qxc7 36. Be6+ Qf7 37. Bxf7+ Kxf7 38. Bd4 e3 39. Qf6+ Ke8 40. fxe3 Kd7 41. Qxh6 Be4 42. Qh5 Bd3+ 43. Ke1 Kc6 44. Kd2 Bc4 45. Qh6 Be6 46. Qf6 Bd5 47. Qe7 Bc4 48. Qa7 Kd5 49. Qxa5 Ke4 50. Qb4 d5 51. Qd6 b4 52. Qc5 b3 53. Qb6 Kf3 54. Kc3 Kg4 55.
Kb2 Kh3 56. Qd6 Kg2 57. Qg3+ Kf1 58. h4 Ke2 59. e4 Kd2 60. exd5 Bxd5 61. Qf4+ Kd3 62.
Qe5 Kc4 63. h5 Bf3 64. h6 Bd1 65. h7 Bh5 66. h8=Q Bg6 67. Qc8+ Kd3 68. Qe3# 1-0